Map: 国王藏宝地-天梯版

Players

iAsonu - Winner!

  • Race: Zerg Zerg

PSiArc

  • Race: Terran Terran
  • League: Platinum

Event: WESG 2018 Grand Finals

VOD

Have the link to the VOD?

Description

Time

  • Played on: March 12, 2019, 2:10 a.m.
  • Length: 7:02

All games in this series

Show
View Real Time Build Order
Export as new Build Order

iAsonu Zerg - Winner!

Build Orders: Hatch First, Roach Nydus 

Get SALT Encoding   

  12  0:01  Drone  
  13  0:14  Overlord  
  13  0:18  Drone  
  14  0:32  Drone  
  14  0:33  Drone  
  16  0:37  Drone  
  17  0:54  Hatchery  
  17  0:56  Drone  
  17  0:59  Drone  
  18  1:10  Extractor  
  17  1:15  Spawning Pool  
  17  1:17  Drone  
  17  1:21  Drone  
  18  1:30  Drone  
  19  1:42  Overlord  
  19  1:52  Drone  
  20  2:01  Queen  
  20  2:03  Drone  
  20  2:06  Queen  
  20  2:07  Zergling x2  
  26  2:13  Zergling x2  
  27  2:23  Hatchery  
  27  2:29  Drone x2  
  28  2:34  Metabolic Boost  
  28  2:37  Drone  
  28  2:43  Drone  
  30  2:46  Drone  
  30  2:51  Drone  
  32  2:53  Queen  
  32  2:57  Drone  
  35  3:00  Overlord  
  35  3:06  Drone  
  36  3:20  Overlord  
  36  3:22  Drone x5  
  41  3:28  Drone  
  41  3:29  Queen  
  44  3:37  Queen, Roach Warren  
  46  3:41  Drone  
  46  3:43  Drone  
  46  3:46  Zergling x4  
  49  3:51  Drone  
  49  3:53  Extractor  
  49  3:55  Lair, Extractor  
  48  3:59  Drone x2  
  50  4:03  Overlord  
  50  4:06  Drone  
  50  4:08  Drone x2  
  53  4:11  Overlord  
  53  4:18  Overlord  
  53  4:22  Roach  
  53  4:23  Roach  
  57  4:31  Roach x3, Extractor  
  63  4:33  Drone  
  63  4:34  Drone  
  63  4:38  Drone x2  
  66  4:39  Drone  
  66  4:43  Drone x2  
  66  4:45  Spore Crawler  
  68  4:47  Spore Crawler  
  68  4:51  Drone x2  
  68  4:54  Overseer  
  68  4:56  Glial Reconstitution  
  68  5:02  Drone x3  
  68  5:06  Overlord  
  71  5:09  Roach  
  73  5:17  Nydus Network  
  73  5:19  Overlord  
  72  5:23  Overlord  
  72  5:26  Roach x2  
  76  5:31  Roach  
  76  5:32  Roach  
  76  5:35  Ravager  
  81  5:37  Overlord x2  
  81  5:45  Roach x4  
  81  5:47  Ravager  
  81  5:48  Ravager  
  91  5:55  Nydus Canal  
  86  6:07  Roach x7  
  97  6:15  Roach  
  97  6:18  Roach x3  
  103  6:28  Roach x3  
  103  6:36  Overlord  
  103  6:38  Nydus Canal  
  103  6:39  Roach  
  93  6:42  Roach  
Show
View Real Time Build Order
Export as new Build Order

PSiArc Terran 

Build Orders: 2 Factory, Reaper Expand, Mech 

Get SALT Encoding   

  12  0:00  SCV  
  13  0:13  SCV  
  14  0:18  Supply Depot  
  14  0:25  SCV  
  15  0:39  SCV  
  15  0:40  Barracks  
  16  0:44  Refinery  
  16  0:52  SCV  
  17  1:04  SCV  
  18  1:16  SCV  
  19  1:28  Reaper, Orbital Command  
  20  1:42  Command Center  
  20  1:53  SCV  
  21  1:54  Supply Depot  
  21  2:00  Marine  
  22  2:06  Factory  
  22  2:09  SCV  
  22  2:13  Refinery  
  23  2:21  SCV  
  24  2:23  Barracks Reactor  
  24  2:33  SCV  
  25  2:45  SCV  
  26  2:54  Factory  
  26  2:56  Orbital Command  
  26  3:03  SCV  
  26  3:04  Hellion x2  
  31  3:07  Marine  
  32  3:15  SCV  
  32  3:19  Starport  
  33  3:22  SCV  
  33  3:26  Hellion  
  36  3:30  Hellion, SCV  
  36  3:33  Marine  
  40  3:39  Factory Tech Lab  
  40  3:40  SCV  
  41  3:44  SCV  
  41  3:46  Supply Depot  
  42  3:50  Supply Depot  
  42  3:52  SCV  
  43  3:56  SCV  
  43  4:01  Viking  
  46  4:08  Siege Tank, SCV  
  50  4:12  Hellion  
  50  4:13  Hellion  
  50  4:16  Supply Depot  
  54  4:19  SCV  
  54  4:22  SCV  
  56  4:31  Medivac  
  56  4:32  SCV  
  56  4:34  SCV  
  60  4:40  Command Center  
  60  4:46  Hellion x2  
  60  4:47  SCV x2  
  60  4:52  Refinery  
  66  4:53  Barracks Tech Lab  
  66  4:57  Siege Tank  
  66  4:59  SCV  
  70  5:10  Supply Depot  
  70  5:11  Refinery  
  70  5:13  Hellion x2, SCV x2  
  76  5:25  SCV x2  
  78  5:29  Armory x2  
  78  5:32  Engineering Bay  
  78  5:37  SCV  
  78  5:42  Factory, SCV  
  80  5:46  Supply Depot  
  80  5:49  SCV  
  81  5:54  Starport Reactor, Siege Tank  
  82  5:59  SCV  
  82  6:01  Hellion x2  
  88  6:14  Bunker  
  88  6:15  Bunker  
  88  6:17  SCV  
  84  6:29  SCV  
  84  6:30  Siege Tank  
  84  6:32  Hellbat x2  
  65  6:41  SCV  
Tags
 
Add a new tag
Caveats
  • Supply blocks, unpowered buildings, or Contaminate may cause inaccurate times.
  • Supply counts are checked every 10 seconds.